 Dungeon Crawl Stone Soup version 0.24-a0-250-g6074511 (webtiles) character file.

Game seed: 2138370753757940650

53 Borgoz the Skirmisher (level 3, 0/24 HPs)
             Began as a Gargoyle Monk on Apr 15, 2019.
             Slain by a bat (1 damage)
             ... on level 2 of the Dungeon.
             The game lasted 00:03:21 (1408 turns).

Borgoz the Skirmisher (Gargoyle Monk)               Turns: 1408, Time: 00:03:22

Health: 0/24       AC:  5    Str: 14    XL:     3   Next: 89%
Magic:  1/1        EV: 13    Int: 15    God:
Gold:   87         SH:  0    Dex: 13    Spells: 2/2 levels left

rFire    . . .     SeeInvis .   a - +1 dagger (antimagic)
rCold    . . .     Gourm    .   (no shield)
rNeg     + . .     Faith    .   b - +0 robe
rPois    ∞         Spirit   .   (no helmet)
rElec    +         Reflect  .   (no cloak)
rCorr    .         Harm     .   (no gloves)
MR       .....                  (no boots)
Stlth    ++........             (no amulet)
HPRegen  0.08/turn              (no ring)
MPRegen  0.07/turn              (no ring)

@: brilliant
A: negative energy resistance 1, electricity resistance, unbreathing,
petrification resistance, rot immunity, AC +3
a: no special abilities


You were on level 2 of the Dungeon.
You were hungry.

You visited 1 branch of the dungeon, and saw 2 of its levels.

You collected 87 gold pieces.

Inventory:

Hand Weapons
 a - a +1 antimagic dagger (weapon)
 h - a +0 short sword
 i - a +3 dagger
Armour
 b - a +0 robe (worn)
Scrolls
 d - 2 scrolls of identify
 g - a scroll of remove curse
Comestibles
 c - 2 rations
 f - 7 chunks of flesh


   Skills:
 + Level 3.9 Fighting
 + Level 3.3 Short Blades
 + Level 2.9 Dodging
 - Level 2.1 Stealth


You had 2 spell levels left.
You didn't know any spells.
Your spell library was empty.

Dungeon Overview and Level Annotations

Branches:
Dungeon (2/15)

Altars:

Annotations:
D:2 Robin


Innate Abilities, Weirdness & Mutations

You are resistant to torment.
Your stone body is resilient. (AC +3)
You are immune to poison.
You resist negative energy. (rN+)
You are resistant to electric shocks. (rElec)
You can survive without breathing.
You are immune to petrification.
You are immune to rotting.


Message History

* * * LOW HITPOINT WARNING * * *
You aren't carrying any potions.
Unknown command.
As you read the scroll labeled TOUPUM GEMIKH, it crumbles to dust.
It is a scroll of identify.
g - a scroll of remove curse The bat hits you but does no damage.
Robin hits you but does no damage. The goblin barely misses you.
The hobgoblin hits you but does no damage.
You completely miss the hobgoblin. The bat barely misses you. Robin misses you.
The goblin barely misses you. The bat misses you. The goblin hits you.
* * * LOW HITPOINT WARNING * * *
Found a bubbling brown potion.
The bat barely misses you. Robin throws the goblin at you! The goblin hits you.
* * * LOW HITPOINT WARNING * * *
You hit the goblin.
The goblin is severely wounded.
The bat hits you.
You die...

##### ##### #########
#...# #...# #.......#
#♣.>.♣###.#.####.......#
.......#..#...##.......#
.<.♣.<.#......g.......!#
.......#.......g.......#
#♣...♣##........@......#
##...##.........bg.....#
.##'##.....<...)........
...........).......#....
...................+ ...
...................# ##
....................
####...........####..
...............#


You could see Robin, a hobgoblin, a goblin and a bat.

Vanquished Creatures
  An adder skeleton (D:2)
  4 dart slugs
  A leopard gecko (D:1)
  7 bats
  A giant cockroach (D:1)
  8 hobgoblins
  4 kobolds (D:1)
  8 goblins (D:1)
  2 rats
36 creatures vanquished.

Notes
Turn   | Place    | Note
-------+----------+-------------------------------------------
     0 | D:1      | Borgoz the Gargoyle Monk began the quest for the Orb.
     0 | D:1      | Reached XP level 1. HP: 14/14 MP: 1/1
    80 | D:1      | Reached XP level 2. HP: 4/19 MP: 2/2
   545 | D:1      | Reached XP level 3. HP: 19/24 MP: 3/3
   978 | D:2      | Noticed Robin
  1407 | D:2      | HP: 1/24 [goblin[Robin] (1)]
  1408 | D:2      | Slain by a bat

Levels and vault maps discovered:
D:1:      erik_arrival_triangle_small, layout_loops_cross, st_stairs_11
D:2:      minmay_general_purpose_star, layout_basic, grunt_ministairs_7,
          uniq_robin

Skill      XL: |  1  2 |
---------------+-------+-----
Short Blades   | 3 |  3.3
Fighting       | |  3.9
Dodging        | |  2.9
Stealth        | |  2.1

Action                   || total
-------------------------++-------
Melee: Short sword       ||   135
       Dagger            ||    29
  Use: Scroll            ||     1
       Potion            ||     1
 Stab: Sleeping          ||     2
  Eat: Chunk             ||     1
Armor: Robe              ||    80
Dodge: Dodged            ||   156

Table legend:
 A = Non-vault XP
 B = Vault XP
 C = Vault XP percentage of total XP
 D = Non-vault monster count
 E = Vault monster count
 F = Vault count percentage of total count
                 A         B        C        D         E       F
            +---------+---------+-------+---------+---------+-------
      Total |      52 |      25 |  32.5 |      24 |      12 |  33.3
            +---------+---------+-------+---------+---------+-------
        D:1 |      41 |      23 |  35.9 |      20 |      11 |  35.5
        D:2 |      11 |       2 |  15.4 |       4 |       1 |  20.0
            +---------+---------+-------+---------+---------+-------
